Unix NetHack Version 5.0.0-0 post-release - last build May 17 2026 04:57:42 (dc50c8380fa5e20985bfe3072449f57b8d9895ef,branch:main).

Game began 2026-05-21 23:14:57, ended 2026-05-21 23:24:37.

Drastanta, lawful male human Samurai

      ----         --
     --..---     --.--
     |.....|      ...|
    --.....-----  ...|    ---
    |.......*..---...---  ..
    --.--..|....||....... ..
     ----------.--....|  ..0
     --      -|......-   ..
   ---.---   ||...[---- ..
  --.....-----|.--....--.|           |
  |.......--:.|------....----      ..---
  |...........G|   ---............................-
  --...........-- --...------      .......--    ---
 ---............| |..|.--           -- ----
 |..............---..|.[-----
 |.................(........--
 --.......--------.)......-..
  --....F--     |........<.-
   |......|     |.....*....|
   -----.--     ---.----.---
       ---        ---  ---
Drastanta the Ronin    St:15 Dx:16 Co:18 In:12 Wi:8 Ch:7  Lawful
Dlvl:4  $:91 HP:0(48) Pw:14(14) AC:4  Xp:4 T:1139 

Latest messages:
 You hit the dwarf!
 You hit the dwarf!
 You miss the dwarf.
 Hachi eats a dwarf corpse.
 You miss the dwarf.
 You kill the dwarf!
 Welcome to experience level 4.
 The gnome hits!
 You kill the gnome!
 The gnome picks up a dagger.
 You kill the gnome!
 Hachi eats a dwarf corpse.
 You swap places with Hachi.
 You have a little trouble lifting a pair of iron shoes.  Continue? [ynq] (q) y
 You have a little trouble lifting v - a pair of iron shoes.
 w - a dwarvish cloak.
 Your movements are slowed slightly because of your load.
 You have a little trouble lifting $ - 12 gold pieces (91 in total).
 x - a dwarvish cloak.
 The gnome zaps a crystal wand!
 The bolt of fire whizzes by you!
 The bolt of fire bounces!
 You see here a pick-axe.
 The gnome picks up 4 daggers.
 The gnome zaps a wand of fire!
 Hachi is killed by the bolt of fire!
 The bolt of fire hits you!
 Your magenta spellbook catches fire and burns!
 Your movements are now unencumbered.
 The bolt of fire bounces!
 What do you want to drop? [$a-oqrt-x or ?*] ?
 You drop a pair of iron shoes.
 You see here a pick-axe.
 You see here a blue gem.
 Double run prefix, canceled.
 You see here a blue gem.
 The gnome zaps a wand of fire!
 The bolt of fire hits you!
 Your lamp catches light!
 The bolt of fire bounces!
 The bolt of fire hits you!
 Your pink potion boils and explodes!
 Call a pink potion: 
 Your white spellbook catches fire and burns!
 You die...
 Do you want your possessions identified? [ynq] (y) n
 Do you want to see your attributes? [ynq] (y) n
 Do you want an account of creatures vanquished? [ynaq] (y) n
 Do you want to see your conduct and achievements? [ynq] (y) n
 Do you want to see the dungeon overview? [ynq] (y) n

Inventory:
 Coins    ('$')
  $ - 91 gold pieces
 Weapons  (')')
  d - 44 +0 ya (in quiver)
  c - a +0 yumi (alternate weapon; not wielded)
  a - a +0 katana (weapon in right hand)
  b - a +0 wakizashi
 Armor    ('[')
  x - an uncursed +3 dwarvish cloak
  w - an uncursed +0 dwarvish cloak
  e - an uncursed rustproof +0 splint mail (being worn)
 Comestibles  ('%')
  g - an uncursed gunyoki
 Scrolls  ('?')
  h - an uncursed scroll of blank paper
  f - an uncursed scroll of create monster
  k - 2 uncursed scrolls of scare monster
 Spellbooks  ('+')
  l - an uncursed spellbook of force bolt
 Potions  ('!')
  q - an uncursed potion of healing
  n - an uncursed potion of object detection
 Rings    ('=')
  i - an uncursed ring of slow digestion
 Wands    ('/')
  r - a wand of nothing (0:12)
  o - a wand of striking (0:6)
  j - a wand of undead turning (0:7)
 Tools    ('(')
  u - an uncursed oil lamp (lit)

Drastanta the Samurai's attributes:

Background:
 You were a Ronin, a level 4 male human Samurai.
 You were lawful, on a mission for Amaterasu Omikami
 who was opposed by Raijin (neutral) and Susanowo (chaotic).
 You were right-handed.
 You were in the Gnomish Mines, on level 4.
 You entered the dungeon 1139 turns ago.
 It was nighttime.
 You had 101 experience points, 59 more were needed to attain level 5.

Basics:
 You had 0 out of 48 hit points.
 You had all 14 energy points (spell power).
 Your armor class was 4.
 Your wallet contained 91 zorkmids.
 Autopickup was off.

Final Characteristics:
 Your strength was 15 (limit:18/100).
 Your dexterity was 16 (limit:18).
 Your constitution was 18 (limit:18).
 Your intelligence was 12 (limit:18).
 Your wisdom was 8 (limit:18).
 Your charisma was 7 (limit:18).

Final Status:
 You weren't hungry.
 You were unencumbered.
 You were wielding a long sword.
 You had basic skill with long sword.

Final Attributes:
 You were devoutly aligned.
 You were warded.
 You were fast.
 You are dead.

Miscellaneous:
 You didn't encounter any bones levels.
 Total elapsed playing time was 9 minutes and 39 seconds.

Major events:
 Turn
    1: Drastanta the lawful male human Samurai entered the dungeon
  693: entered the Gnomish Mines
 1023: attained the rank of Ronin (level 3)
 1139: killed by a bolt of fire zapped by a gnome

You didn't know any spells.

Skills:
 Fighting Skills
   martial arts      [Basic]
   two weapon combat [Unskilled]
   riding            [Unskilled]
 Weapon Skills
   dagger            [Unskilled]
   knife             [Unskilled]
   short sword       [Basic]
   broadsword        [Unskilled]
   long sword        [Basic]
   two-handed sword  [Unskilled]
   saber             [Unskilled]
   flail             [Unskilled]
   quarterstaff      [Unskilled]
   polearms          [Unskilled]
   spear             [Unskilled]
   lance             [Unskilled]
   bow               [Basic]
   shuriken          [Unskilled]
 Spellcasting Skills
   attack spells     [Unskilled]
   divination spells [Unskilled]
   clerical spells   [Unskilled]

Voluntary challenges:
 Character rerolling was not enabled.
 You were illiterate.
 You never genocided any monsters.
 You never polymorphed an object.
 You never changed form.
 You used no wishes.
Achievements:
 You entered a shop.
 You entered the Gnomish Mines.
 You attained the rank of Ronin.

 The Dungeons of Doom: levels 1 to 3
    Level 1:
       A sink, a grave.
    Level 2:
       A general store, a fountain.
    Level 3:
       Stairs down to The Gnomish Mines.
 The Gnomish Mines:
    Level 4: <- You were here.
       Final resting place for
          you, killed by a bolt of fire zapped by a gnome.


Vanquished creatures:
  a gnome ruler
  a shrieker
  a little dog
  2 dwarves
  6 gnomes
  a gecko
  2 jackals
  a goblin
  a sewer rat
  2 grid bugs
  a bat
  2 lichens
  2 newts
23 creatures vanquished.

No species were genocided or became extinct.

Game over:
                       ----------
                      /          \
                     /    REST    \
                    /      IN      \
                   /     PEACE      \
                  /                  \
                  |    Drastanta     |
                  |      91 Au       |
                  | killed by a bolt |
                  |  of fire zapped  |
                  |    by a gnome    |
                  |                  |
                  |       2026       |
                 *|     *  *  *      | *
        _________)/\\_//(\/(/\)/\//\/|_)_______

Sayonara Drastanta the Samurai...

You died in The Gnomish Mines on dungeon level 4 with 636 points,
and 91 pieces of gold, after 1139 moves.
You were level 4 with a maximum of 48 hit points when you died.

